 Dungeon Sprint DCSS version 0.29-a0-409-gd843f3a48c (webtiles) character file.

Game seed: 1558153611847922497

258 mhtbhm the Covered (level 6, 0/44 HPs)
             Began as a Gargoyle Fighter on May 14, 2022.
             Was an Elder of Qazlal.
             Slain by a red devil
             ... wielding a +2 demon trident of electrocution
              (16 damage)
             ... in the Dungeon (Sprint VII: "The Pits").
             The game lasted 00:01:04 (435 turns).

mhtbhm the Covered (Gargoyle Fighter)                Turns: 435, Time: 00:01:05

Health: 0/44       AC: 14    Str: 22    XL:     6   Next: 16%
Magic:  10/10      EV: 10    Int:  8    God:    Qazlal [****..]
Gold:   0          SH: 10    Dex:  9    Spells: 5/5 levels left

rFire   . . .      SeeInvis .   a - +2 hand axe (freeze)
rCold   . . .      Faith    .   c - +0 buckler
rNeg    + . .      Spirit   .   b - +3 ring mail
rPois   ∞          Reflect  .   (no helmet)
rElec   +          Harm     .   (no cloak)
rCorr   .          Rampage  .   (no gloves)
Will    .....      NoTele   +   (no boots)
Stlth   ..........              (no amulet)
HPRegen 0.14/turn               (no ring)
MPRegen 0.12/turn               (no ring)

@: spiked, repel missiles
A: sickness immunity, AC +4, negative energy resistance 1, electricity
resistance, torment resistance 1, petrification resistance
a: Renounce Religion, Upheaval, Elemental Force


You were in the Dungeon.
You worshipped Qazlal.
Qazlal was greatly pleased with you.
You visited 1 branch

Inventory:

Hand Weapons
 a - a +2 hand axe of freezing (weapon)
Armour
 b - a +3 ring mail (worn)
 c - a +0 buckler (worn)
Scrolls
 j - a scroll of blinking
 l - 5 scrolls of amnesia
 m - a scroll of summoning
Potions
 d - a potion of might
 e - 6 potions of curing
 f - 4 potions of heal wounds
 g - a potion of haste
 h - 4 potions of magic
 i - 3 potions of berserk rage
 k - 2 potions of invisibility


   Skills:
 + Level 7.0 Fighting
 + Level 4.8 Axes
 + Level 7.2 Armour
 + Level 0.6 Dodging
 + Level 6.7 Shields
 * Level 5.7 Invocations


You had 5 spell levels left.
You didn't know any spells.
Your spell library was empty.

Dungeon Overview and Level Annotations

Branches:
Dungeon (1/1)

Altars:
Ashenzari
Cheibriados
Dithmenos
Elyvilon
Fedhas
Gozag
Hepliaklqana
Kikubaaqudgha
Makhleb
Nemelex Xobeh
Okawaru
Qazlal
Ru
Sif Muna
Trog
Uskayaw
Vehumet
Wu Jian
Xom
Yredelemnul
Zin
The Shining One
Beogh
Jiyva
Lugonu


Innate Abilities, Weirdness & Mutations

You are immune to sickness and miasma.
Your stone body is resilient. (AC +4)
You are immune to poison.
You resist negative energy. (rN+)
You are resistant to electric shocks. (rElec)
You are resistant to unholy torment.
You are immune to petrification.


Message History

The red devil is heavily wounded.
The red devil hits you with a +2 demon trident of electrocution!
Barbed spikes become lodged in your body.
You block the red devil's attack.
You hit the red devil. You freeze the red devil.
The red devil is severely wounded.
The red devil hits you with a +2 demon trident of electrocution!
Barbed spikes become lodged in your body.
You are too injured to fight recklessly!
You are too injured to fight recklessly!
You are too injured to fight recklessly!
You are too injured to fight recklessly!
You are too injured to fight recklessly!
You are too injured to fight recklessly!
You are too injured to fight recklessly!
You are too injured to fight recklessly!
You are too injured to fight recklessly!
You are too injured to fight recklessly!
You are too injured to fight recklessly!
You closely miss the red devil.
The red devil is severely wounded.
The red devil hits you with a +2 demon trident of electrocution!
* * * LOW HITPOINT WARNING * * *
Barbed spikes become lodged in your body.
You feel much better. You block the red devil's attack.
You hit the red devil but do no damage.
The red devil is severely wounded.
The red devil closely misses you.
You barely miss the red devil.
The red devil is severely wounded.
You block the red devil's attack.
You hit the red devil. You freeze the red devil.
The red devil is almost dead.
The red devil hits you with a +2 demon trident of electrocution.
Barbed spikes become lodged in your body.
Unknown command.
You hit the red devil but do no damage.
The red devil is almost dead.
The red devil hits you with a +2 demon trident of electrocution!
You die...

#.#........##.......#
#.#........##.......#
#'###########.......#
#†).....# #########
#..###..# #..†....#
##.###.##+#
#.......#4+
#..###..#@#
#.......†.#
###########


You could see a red devil.

Vanquished Creatures
  A floating eye (D)
  A scorpion (D)
  2 crimson imps (D)
  A gnoll (D)
  A river rat (D)
  An adder zombie (D)
  An endoplasm (D)
  2 goblins (D)
  A hobgoblin (D)
  3 jackals (D)
  A quokka (D)
  A ball python zombie (D)
  A bat (D)
  A rat (D)
18 creatures vanquished.

Notes
Turn   | Place    | Note
-------+----------+-------------------------------------------
     0 | D        | mhtbhm the Gargoyle Fighter began the quest for the Orb.
     0 | D        | Reached XP level 1. HP: 14/14 MP: 1/1
    47 | D        | Found a bloodstained altar of Trog.
    47 | D        | Found a shimmering blue altar of Sif Muna.
    47 | D        | Found a viscous altar of Jiyva.
    47 | D        | Found a hazy altar of Hepliaklqana.
    47 | D        | Found an opulent altar of Gozag.
    48 | D        | Found a glowing golden altar of the Shining One.
    48 | D        | Found a glowing silver altar of Zin.
    48 | D        | Found a basalt altar of Yredelemnul.
    48 | D        | Found a shimmering altar of Xom.
    48 | D        | Found an ornate altar of the Wu Jian Council.
    48 | D        | Found a sacrificial altar of Ru.
    48 | D        | Found a stormy altar of Qazlal.
    48 | D        | Found an iron altar of Okawaru.
    48 | D        | Found a sparkling altar of Nemelex Xobeh.
    48 | D        | Found a burning altar of Makhleb.
    48 | D        | Found a blossoming altar of Fedhas.
    48 | D        | Found a white marble altar of Elyvilon.
    48 | D        | Found a shadowy altar of Dithmenos.
    48 | D        | Found a snail-covered altar of Cheibriados.
    50 | D        | Found a radiant altar of Vehumet.
    50 | D        | Found a corrupted altar of Lugonu.
    51 | D        | Found a hide-covered altar of Uskayaw.
    51 | D        | Found an ancient bone altar of Kikubaaqudgha.
    51 | D        | Found a broken altar of Ashenzari.
    59 | D        | Became a worshipper of Qazlal Stormbringer
    77 | D        | Noticed a floating eye
    80 | D        | Paralysed by a floating eye for 3 turns
    88 | D        | Killed a floating eye
    89 | D        | Reached skill level 5 in Fighting
    89 | D        | Reached skill level 5 in Armour
    89 | D        | Reached skill level 5 in Shields
    89 | D        | Reached XP level 2. HP: 17/21 MP: 1/4
    89 | D        | Reached XP level 3. HP: 21/26 MP: 1/5
    89 | D        | Reached XP level 4. HP: 25/31 MP: 1/6
   149 | D        | Reached * piety under Qazlal
   166 | D        | Noticed a scorpion
   186 | D        | Killed a scorpion
   187 | D        | Reached XP level 5. HP: 26/37 MP: 8/8
   188 | D        | Reached ** piety under Qazlal
   200 | D        | Reached skill level 5 in Invocations
   314 | D        | Reached *** piety under Qazlal
   322 | D        | Reached XP level 6. HP: 34/44 MP: 8/10
   325 | D        | Reached **** piety under Qazlal
   425 | D        | Noticed a red devil
   435 | D        | Slain by a red devil

Illustrated notes

Levels and vault maps discovered:
D:        pitsprint [storerooms_1, entrance_room_1, metal_vault_1, armoury_3,
          mini_pit_1, grid_room_1, main_hall_1, silver_pit, the_coven_3,
          the_vestibule_1, steel_vault_3, golden_pit, hallway_of_sentries,
          crystal_vault_2, iron_vault_1, final_vault]

Skill      XL: |  1  2  3  4  5 |
---------------+----------------+-----
Fighting       | 5 6 7 |  7.0
Axes           | 3 4 |  4.8
Armour         | 5 6 7 |  7.2
Shields        | 5 6 |  6.7
Invocations    | 3 4 5 |  5.7
Dodging        | |  0.6

Action                   |  1- 3 |  4- 6 || total
-------------------------+-------+-------++-------
Melee: Hand axe          |    10 |    59 ||    69
       War axe           |     2 |       ||     2
  Use: Potion            |       |     2 ||     2
Armor: Scale mail        |     2 |    14 ||    16
       Ring mail         |       |     6 ||     6
Dodge: Dodged            |     1 |    16 ||    17
Block: Buckler           |     1 |    28 ||    29

Table legend: (Time is in decaauts)
 A = Elapsed time spent in this place.
 B = Non-inter-level travel time spent in this place.
 C = Inter-level travel time spent in this place.
 D = Time resting spent in this place.
 E = Time spent auto-exploring this place.
 F = Levels seen in this place.
 G = Mean time per level.
                   A        B        C        D        E       F      G
               +--------+--------+--------+--------+--------+-----+--------+
         Total |    445 |    445 |      0 |    187 |     30 |   1 |  445.0 |
       Dungeon |    445 |    445 |      0 |    187 |     30 |   1 |  445.0 |
               +--------+--------+--------+--------+--------+-----+--------+

Top non-repeatable levels by time:
       D: 445 daAuts
